 Dungeon Crawl Stone Soup version 0.22.1-6-g1668fe2 (console) character file.

222 erker the Slasher (level 5, -2/45 HPs)
             Began as a Minotaur Gladiator on Jan 30, 2019.
             Killed by divine providence
             ... invoked by an orc priest
              (15 damage)
             ... on level 3 of the Dungeon.
             The game lasted 00:07:26 (1995 turns).

erker the Slasher (Minotaur Gladiator)              Turns: 1995, Time: 00:07:27

Health: -2/45      AC:  7    Str: 20    XL:     5   Next: 66%
Magic:  4/4        EV: 11    Int:  5    God:
Gold:   99         SH:  0    Dex: 11    Spells: 4/4 levels left

rFire    . . .     SeeInvis .   a - +0 long sword
rCold    . . .     Gourm    .   (no shield)
rNeg     . . .     Faith    .   r - +0 scale mail
rPois    .         Spirit   .   c - +0 hat
rElec    .         Reflect  .   x - +0 cloak
rCorr    .         Harm     .   (no gloves)
MR       .....                  (no boots)
Stlth    ..........             (no amulet)
HPRegen  0.15/turn              (no ring)
MPRegen  0.09/turn              (no ring)

@: no status effects
A: retaliatory headbutt, horns 2
a: no special abilities


You were on level 3 of the Dungeon.
You were not hungry.

You visited 1 branch of the dungeon, and saw 3 of its levels.

You collected 99 gold pieces.

Inventory:

Hand Weapons
 a - a +0 long sword (weapon)
Missiles
 d - 2 throwing nets (quivered)
 q - 5 tomahawks
 t - 23 bolts
Armour
 c - a +0 hat (worn)
 r - a +0 scale mail (worn)
 x - a +0 cloak (worn)
Jewellery
 v - an uncursed ring of fire
Wands
 g - a wand of acid (10)
Scrolls
 b - 2 scrolls of amnesia {unknown}
 e - a scroll of magic mapping {unknown}
 i - a scroll of teleportation {unknown}
 j - 3 scrolls of remove curse {unknown}
 k - a scroll of fear {unknown}
 l - 2 scrolls of immolation {unknown}
 o - 5 scrolls of identify {unknown}
Potions
 h - 2 potions of haste {unknown}
 m - 2 potions of might {unknown}
 n - 2 potions of curing
 p - 2 potions of brilliance {unknown}
 u - a potion of mutation {unknown}
 w - a potion of flight {unknown}
 z - 2 potions of resistance {unknown}
Comestibles
 f - 6 rations
 s - 6 chunks of flesh


   Skills:
 + Level 3.3 Fighting
 + Level 5.6 Long Blades
 - Level 2.0 Throwing
 + Level 2.4 Armour
 * Level 4.7 Dodging


You had 4 spell levels left.
You didn't know any spells.
Your spell library was empty.

Dungeon Overview and Level Annotations

Branches:
Dungeon (3/15)

Altars:
Ashenzari


Innate Abilities, Weirdness & Mutations

You reflexively headbutt those who attack you in melee.
You have a pair of horns on your head.


Message History

You are too injured to fight recklessly!
You are too injured to fight recklessly!
You are too injured to fight recklessly!
You are too injured to fight recklessly!
You are too injured to fight recklessly!
You are too injured to fight recklessly!
You are too injured to fight recklessly!
You are too injured to fight recklessly!
You are too injured to fight recklessly!
You closely miss the orc priest.
The orc priest is severely wounded.
The orc priest mumbles some strange prayers to Beogh against you.
Beogh smites you!
* * * LOW HITPOINT WARNING * * *
It was a potion of curing.
You feel better. The orc priest closely misses you.
You hit the orc priest but do no damage.
The orc priest is severely wounded.
The orc priest invokes the aid of Beogh against you.
Beogh smites you!
You die...

#.. ... #.# #.# ####.###
# #####......# .##
#..........#######...###
'..)........(..[@o......
#.#........#######...###
#.#.#......# .##
#..........# #
###.######## #.# #.# #.#


You could see an orc priest.

Vanquished Creatures
  A hound (D:2)
  Terence (D:2)
  Crazy Yiuf (D:2)
  4 adders
  3 worms (D:2)
  A dart slug (D:1)
  2 leopard geckos
  5 orcs (D:3)
  A ball python (D:2)
  8 bats
  2 giant cockroaches
  6 goblins
  10 hobgoblins
  18 jackals
  5 kobolds
  2 quokkas (D:3)
  4 frilled lizards
  8 rats
82 creatures vanquished.

Notes
Turn   | Place    | Note
-------+----------+-------------------------------------------
     0 | D:1      | erker the Minotaur Gladiator began the quest for the Orb.
     0 | D:1      | Reached XP level 1. HP: 18/18 MP: 0/0
   160 | D:1      | Reached skill level 4 in Long Blades
   160 | D:1      | Reached XP level 2. HP: 25/25 MP: 1/1
   438 | D:1      | Reached XP level 3. HP: 20/30 MP: 2/2
   693 | D:1      | Reached skill level 1 in Armour
   950 | D:2      | Reached XP level 4. HP: 37/37 MP: 3/3
  1046 | D:2      | Reached skill level 5 in Long Blades
  1319 | D:2      | Reached XP level 5. HP: 45/45 MP: 4/4
  1370 | D:2      | Noticed Terence
  1380 | D:2      | Killed Terence
  1432 | D:2      | Found a shattered altar of Ashenzari.
  1623 | D:2      | Found a runed door.
  1628 | D:2      | Noticed Crazy Yiuf
  1634 | D:2      | Killed Crazy Yiuf
  1995 | D:3      | Killed from afar by an orc priest

Skill      XL: |  1  2  3  4 |
---------------+-------------+-----
Long Blades    | 4 5 |  5.6
Dodging        | 4 |  4.7
Armour         | 1 2 |  2.4
Fighting       | 3 |  3.3
Throwing       | |  2.0

Action                   |  1- 3 |  4- 6 || total
-------------------------+-------+-------++-------
Melee: Long sword        |    76 |    96 ||   172
       Headbutt          |    12 |    23 ||    35
Throw: Throwing net      |       |     1 ||     1
  Use: Potion            |       |     1 ||     1
  Eat: Chunk             |       |     4 ||     4
Armor: Leather armour    |     7 |       ||     7
       Ring mail         |    32 |     6 ||    38
       Scale mail        |       |    38 ||    38
Dodge: Dodged            |    74 |    61 ||   135
       Rpst.: Long sword |    16 |    18 ||    34
